 Dungeon Crawl Stone Soup version 0.17-a0-1411-g06ff558 (webtiles) character file.

227457 Fluffy the Bludgeoner (level 19, -4/124 HPs)
             Began as a Gargoyle Fighter on June 23, 2015.
             Was the Champion of the Shining One.
             Slain by Polyphemus (13 damage)
             ... on level 4 of the Shoals.
             The game lasted 02:27:55 (44713 turns).

Fluffy the Bludgeoner (Gargoyle Fighter)           Turns: 44713, Time: 02:27:55

Health: -4/124     AC: 45    Str: 26    XL:     19   Next: 38%
Magic:  30/30      EV: 12    Int: 10    God:    the Shining One [******]
Gold:   1090       SH: 22    Dex: 21    Spells: 0 memorised, 18 levels left

rFire  + . .     SeeInvis +     Z - +6 morningstar of Premature Burial {flame, MR++}
rCold  + . .     Clarity  +     V - +1 plate armour {rF+}
rNeg   + + +     SustAt   .     u - +0 large shield {AC+3}
rPois  ∞         Gourm    .     k - +0 helmet {SInv}
rElec  +         Spirit   .     i - +2 cloak
rCorr  .         Warding  .     a - +2 pair of gloves
rMut   .         Stasis   .     (no boots)
MR     +++..                    X - amulet of clarity
Stlth  ..........               x - ring of protection from cold
                                c - ring "Peos" {AC+2 Dex+6}

@: mighty, flying, very slightly contaminated, glowing, extremely resistant to
hostile enchantments, extremely unstealthy
A: big wings, negative energy resistance 1, electricity resistance, unbreathing,
petrification resistance, rot immunity, AC +13
a: Stop Flying, Divine Shield, Cleansing Flame, Summon Divine Warrior, Renounce
Religion
}: 1/15 runes: serpentine


You were on level 4 of the Shoals.
You worshipped the Shining One.
The Shining One was exalted by your worship.
You were hungry.

You visited 6 branches of the dungeon, and saw 32 of its levels.
You visited 1 bazaar.
You also visited: Bailey.

You collected 3461 gold pieces.
You spent 2371 gold pieces at shops.

Inventory:

Hand weapons
 Z - the +6 morningstar of Premature Burial (weapon) {flame, MR++}
   (You bought it in a shop in a bazaar)

   It has been specially enchanted to burn those struck by it, causing extra
   injury to most foes and up to half again as much damage against particularly
   susceptible opponents.
   It affects your resistance to hostile enchantments.
Armour
 a - a +2 pair of gloves (worn)
 i - a +2 cloak (worn)
 k - a +0 helmet of see invisible (worn)
 u - a +0 large shield of protection (worn)
 F - a +2 shield of cold resistance
 V - a +1 plate armour of fire resistance (worn)
Jewellery
 c - the ring "Peos" (left hand) {AC+2 Dex+6}
   (You found it on level 10 of the Dungeon)

   [ring of protection]

   It affects your AC (+2).
   It affects your dexterity (+6).
 j - an uncursed ring of fire
 x - a ring of protection from cold (right hand)
 G - an uncursed ring of ice
 Q - an uncursed ring of fire
 X - an amulet of clarity (around neck)
Magical devices
 g - a wand of digging (24)
 s - a wand of digging (9)
 z - a wand of disintegration (7)
 K - a wand of heal wounds (6)
 Y - a wand of digging (18)
Scrolls
 b - 6 scrolls of remove curse
 l - 5 scrolls of fear
 q - 2 scrolls of blinking
 t - 7 scrolls of teleportation
 w - 6 scrolls of enchant weapon
 A - 3 scrolls of fog
 D - 4 scrolls of acquirement
 J - a scroll of magic mapping
 P - 6 scrolls of enchant armour
 R - a scroll of identify
 S - 4 scrolls of recharging
 U - a scroll of summoning
 W - a scroll of brand weapon
Potions
 d - 6 potions of might
 f - a potion of cancellation
 h - 3 potions of cure mutation
 m - 11 potions of curing
 o - a potion of haste
 p - 3 potions of heal wounds
 v - 3 potions of resistance
 C - a potion of berserk rage
 I - 3 potions of agility
 N - 2 potions of magic
Miscellaneous
 r - a fan of gales (inert)
 y - a lamp of fire (inert)
 E - a stone of tremors (inert)
Comestibles
 e - 19 bread rations
 n - 11 slices of pizza
 B - 15 fruits
 H - 16 meat rations
 L - a royal jelly
 O - a beef jerky


   Skills:
 + Level 15.3 Fighting
 + Level 17.2 Maces & Flails
 + Level 15.5 Armour
 + Level 8.0 Dodging
 + Level 15.3 Shields
 + Level 15.5 Invocations


You had 18 spell levels left.
You didn't know any spells.

Dungeon Overview and Level Annotations

Branches:
Dungeon (11/15)            Temple (1/1) D:7            Lair (8/8) D:10
 Shoals (4/4) Lair:6        Snake (4/4) Lair:3        Slime (0/6) Lair:6
    Orc (4/4) D:11            Elf (0/3) Orc:3

Altars:
Ashenzari
Cheibriados
Dithmenos
Elyvilon
Fedhas
Gozag
Kikubaaqudgha
Makhleb
Nemelex Xobeh
Okawaru
Qazlal
Ru
Sif Muna
Trog
Vehumet
Xom
Yredelemnul
Zin
The Shining One
Beogh
Jiyva

Shops:
Orc:4 ((?}   Snake:4 [

Annotations:
D:8 exclusion: statue
Lair:3 exclusion: oklob plant
Lair:8 exclusion: oklob plant
Shoals:4 Polyphemus


Innate Abilities, Weirdness & Mutations

You are resistant to torment.
Your stone body is resilient (AC +13).
You are immune to poison.
Your large and strong wings let you fly indefinitely.
You resist negative energy.
You are resistant to electric shocks.
You can survive without breathing.
You are immune to petrification.
You are immune to rotting.


Message History

Found a chain mail.
Found a meat ration.
H - 16 meat rations (gained 1) Polyphemus throws a large rock.
The large rock hits you!!
* * * LOW HITPOINT WARNING * * *
You see here a large rock.
Unknown command.
Drink which item? (? for menu, Esc to quit)
You feel much better.
Drink which item? (? for menu, Esc to quit)
You feel very mighty all of a sudden.
Polyphemus throws a large rock.
The large rock hits you!
* * * LOW HITPOINT WARNING * * *
You see here a large rock.
You bludgeon Polyphemus!! You burn Polyphemus.
Polyphemus is lightly wounded.
Polyphemus hits you!!
* * * LOW HITPOINT WARNING * * *
Polyphemus hits you!
You die...

........≈≈≈.. ........≈≈≈.#
#..≈≈≈≈≈≈ ...≈≈≈..≈≈≈.#
#..≈≈≈≈≈≈≈ .......≈≈≈..##
##..≈≈≈≈≈≈≈
.........≈...###...≈≈≈≈≈≈≈≈
............$.....≈≈≈≈≈≈≈≈≈
...$......(..[....≈≈≈≈≈≈≈≈≈
........≈≈≈≈:.≈...≈≈≈≈≈≈≈≈≈
.PP...≈≈≈≈≈≈.≈≈C@(.≈≈≈≈≈≈≈≈
.P..P≈≈≈≈≈≈≈...###(≈≈≈≈≈≈≈≈
....≈≈≈≈≈≈≈≈.##.##.≈..≈≈≈≈≈
PP.≈≈≈≈≈≈≈≈≈≈.....≈≈≈≈≈≈≈≈≈
.≈≈≈≈≈≈≈≈≈≈≈≈...≈..≈≈≈≈≈≈≈≈
.≈≈≈≈≈≈≈≈≈≈≈≈≈≈≈≈...≈≈≈≈≈≈≈
P≈≈≈≈≈≈≈≈≈≈≈≈≈≈≈≈≈..≈≈≈≈≈≈≈
≈≈≈≈≈≈≈≈≈≈≈≈≈≈≈≈≈≈≈≈≈≈≈≈≈≈≈
≈≈≈≈≈≈≈≈≈≈≈≈≈≈≈≈≈≈≈≈≈≈≈≈≈≈≈


You could see Polyphemus.

Vanquished Creatures
  Rupert (Orc:4)
  Ilsuiw (Shoals:4)
  14 greater nagas
  An orc warlord (Orc:2)
  Maud (Orc:4)
  7 merfolk javelineers
  Snorg (Lair:5)
  7 merfolk impalers
  Josephine (D:11)
  7 hydras
  17 naga warriors
  20 anacondas
  Erica (D:11)
  5 merfolk aquamancers
  5 merfolk avatars
  2 alligator snapping turtles
  3 satyrs (Shoals:3)
  8 death yaks
  An orc high priest (Orc:4)
  14 naga sharpshooters
  10 shock serpents
  3 salamander mystics
  10 sea snakes
  A hill giant (D:11)
  9 naga ritualists
  8 mana vipers
  13 harpies
  17 fauns
  2 orc knights (Bailey)
  12 griffons
  15 salamanders
  7 orc sorcerers
  7 elephants
  10 manticores
  5 water nymphs
  40 black mambas
  11 sirens
  13 guardian serpents
  31 naga magi
  17 spiny frogs
  3 komodo dragons
  A spriggan druid (Lair:8)
  9 polar bears (Lair:8)
  2 wind drakes (Shoals:1)
  34 merfolk
  4 trolls
  10 snapping turtles
  2 boulder beetles
  2 two-headed ogres
  40 blink frogs
  5 redbacks (Lair:8)
  12 spriggans (Lair:8)
  8 water elementals
  3 wyverns
  5 basilisks
  7 wraiths
  2 deep elf magi
  14 hippogriffs
  A human (D:7)
  A hungry ghost (D:8)
  43 yaks
  26 wolves
  53 nagas
  28 orc warriors
  17 wargs
  17 water moccasins
  15 porcupines
  2 ice beasts
  3 sky beasts
  8 black bears
  3 phantoms
  4 wasps (Lair:8)
  A necrophage (D:10)
  6 ogres
  3 centaurs
  19 crocodiles
  16 giant frogs
  A big kobold (D:10)
  A wyvern zombie (D:10)
  5 scorpions
  A water moccasin zombie (D:8)
  2 jellies
  2 electric eels (D:11)
  4 killer bees (D:11)
  3 wights (D:7)
  A giant frog zombie (D:6)
  4 crimson imps
  5 hounds
  2 centaur zombies
  24 orc priests
  3 giant frog skeletons
  Terence (D:3)
  11 iguanas
  56 orc wizards
  9 worker ants
  42 sheep
  A hound zombie (D:7)
  2 hound skeletons (D:4)
  14 gnolls
  15 adders
  34 river rats
  A shadow imp (D:11)
  3 oozes
  An adder zombie (D:6)
  3 adder skeletons
  4 worms
  3 giant geckos
  224 orcs
  2 bat skeletons
  21 goblins
  15 hobgoblins
  5 quokkas
  2 ball pythons
  10 bats
  4 giant cockroaches
  A giant gecko zombie (D:5)
  2 giant newts
  A jackal skeleton (D:5)
  20 kobolds
  24 rats
  2 fungi
1378 creatures vanquished.

Vanquished Creatures (collateral kills)
  2 yaks (Lair:5)
2 creatures vanquished.

Vanquished Creatures (others)
  A naga warrior (Snake:4)
  2 naga ritualists (Snake:4)
  2 orc wizards (Orc:4)
  A goblin (Orc:2)
  21 fungi
  12 plants
39 creatures vanquished.

Grand Total: 1419 creatures vanquished

Notes
Turn   | Place    | Note
--------------------------------------------------------------
     0 | D:1      | Fluffy the Gargoyle Fighter began the quest for the Orb.
     0 | D:1      | Reached XP level 1. HP: 14/14 MP: 1/1
   427 | D:1      | Reached XP level 2. HP: 19/19 MP: 2/2
   723 | D:2      | Found a stormy altar of Qazlal.
   760 | D:2      | Reached XP level 3. HP: 21/23 MP: 3/3
  1052 | D:2      | Reached skill level 4 in Maces & Flails
  1092 | D:2      | Reached XP level 4. HP: 24/28 MP: 4/4
  1418 | D:3      | Noticed Terence
  1458 | D:3      | Killed Terence
  1458 | D:3      | Reached skill level 5 in Maces & Flails
  1458 | D:3      | Reached XP level 5. HP: 12/32 MP: 5/5
  2462 | D:4      | Found a blossoming altar of Fedhas.
  2506 | D:4      | Reached skill level 6 in Maces & Flails
  2506 | D:4      | Reached XP level 6. HP: 20/37 MP: 6/6
  2768 | D:4      | Reached skill level 7 in Maces & Flails
  3443 | D:4      | Reached XP level 7. HP: 21/41 MP: 7/7
  3831 | D:5      | Entered Level 5 of the Dungeon
  3831 | D:5      | Found a bloodstained altar of Trog.
  4022 | D:5      | Found a glowing silver altar of Zin.
  4226 | D:5      | Reached skill level 8 in Maces & Flails
  4662 | D:6      | Reached skill level 9 in Maces & Flails
  4662 | D:6      | Reached XP level 8. HP: 37/46 MP: 8/8
  5187 | D:6      | Reached skill level 10 in Maces & Flails
  5969 | D:6      | Reached skill level 11 in Maces & Flails
  5969 | D:6      | Reached XP level 9. HP: 37/51 MP: 9/9
  6662 | D:7      | Found a staircase to the Ecumenical Temple.
  6672 | Temple   | Entered the Ecumenical Temple
  6884 | Temple   | Became a worshipper of the Shining One
  7009 | D:7      | Reached skill level 1 in Invocations
  7639 | D:7      | Acquired the Shining One's first power
  7639 | D:7      | Reached skill level 12 in Maces & Flails
  7756 | D:7      | Found a snail-covered altar of Cheibriados.
  8006 | D:7      | Reached XP level 10. HP: 14/58 MP: 12/12
  8015 | D:7      | Reached skill level 5 in Armour
  8015 | D:7      | Reached skill level 5 in Shields
  8352 | D:8      | Found a radiant altar of Vehumet.
  8470 | D:8      | Reached skill level 5 in Fighting
 10044 | D:9      | Found a basalt altar of Yredelemnul.
 10171 | D:9      | Reached skill level 5 in Invocations
 10187 | D:9      | Reached XP level 11. HP: 51/66 MP: 14/14
 10194 | D:9      | Identified a scroll of acquirement
 10497 | D:10     | Entered Level 10 of the Dungeon
 10497 | D:10     | Acquired the Shining One's second power
 10644 | D:10     | Found Dest's Gadget Shop.
 11091 | D:10     | Found a staircase to the Lair.
 11345 | D:10     | Got a transparent iron ring
 11698 | Lair:1   | Entered Level 1 of the Lair of Beasts
 12005 | Lair:1   | Identified the ring "Peos" {AC+2 Dex+6} (You found it on level 10 of the Dungeon)
 12484 | Lair:1   | Noticed a five-headed hydra
 12503 | Lair:1   | Killed a five-headed hydra
 12503 | Lair:1   | Reached skill level 13 in Maces & Flails
 13216 | Lair:1   | Reached XP level 12. HP: 16/73 MP: 17/17
 13789 | Lair:2   | Got a twitching ivory ring
 13802 | Lair:2   | Identified the ring "Haladaeh" {rElec rF- Str+5 Dex+2} (You found it on level 2 of the Lair of Beasts)
 14350 | Lair:3   | Noticed a four-headed hydra
 14374 | Lair:3   | Killed a four-headed hydra
 14808 | Lair:3   | Found a staircase to the Snake Pit.
 15161 | Lair:3   | Noticed an eight-headed hydra
 15176 | Lair:3   | Killed an eight-headed hydra
 15390 | Lair:3   | Reached XP level 13. HP: 47/80 MP: 19/19
 15939 | Lair:3   | Found a blossoming altar of Fedhas.
 16469 | Lair:4   | Reached skill level 10 in Shields
 16736 | Lair:4   | Reached skill level 10 in Fighting
 16801 | Lair:4   | Reached skill level 14 in Maces & Flails
 16802 | Lair:4   | Reached skill level 10 in Armour
 17697 | Lair:5   | Noticed Snorg
 17712 | Lair:5   | Killed Snorg
 18112 | Lair:5   | Reached skill level 10 in Invocations
 19123 | Lair:6   | Found a viscous altar of Jiyva.
 19123 | Lair:6   | Found a staircase to the Slime Pits.
 19305 | Lair:6   | Found a staircase to the Shoals.
 20418 | Lair:7   | Gained mutation: Your large and strong wings let you fly indefinitely. [Gargoyle growth]
 20418 | Lair:7   | Reached XP level 14. HP: 88/88 MP: 21/21
 21604 | Lair:8   | Entered Level 8 of the Lair of Beasts
 22389 | Lair:8   | Acquired the Shining One's third power
 24055 | Lair:8   | Reached skill level 15 in Maces & Flails
 24055 | Lair:8   | Reached XP level 15. HP: 81/96 MP: 23/23
 24535 | D:11     | Noticed Josephine
 24580 | D:11     | Killed Josephine
 24585 | D:11     | Acquired the Shining One's fourth power
 24860 | D:11     | Found a staircase to the Orcish Mines.
 25403 | D:11     | Noticed Erica
 25416 | D:11     | Killed Erica
 25555 | Orc:1    | Entered Level 1 of the Orcish Mines
 25681 | Orc:1    | Found a roughly hewn altar of Beogh.
 25820 | Orc:2    | Paralysed by an orc sorcerer for 4 turns
 26649 | Orc:3    | Found a roughly hewn altar of Beogh.
 26776 | Orc:3    | Found a flagged portal.
 26791 | Bailey   | Entered a bailey
 26999 | Bailey   | Got a blackened ice dragon armour
 27010 | Bailey   | Identified the +5 ice dragon armour of the Blue Moon {*Confuse rPois rF- rC++ Str+7 Dex+2} (You found it in a bailey)
 27449 | Orc:3    | You are sucked into a shaft!
 27449 | Orc:4    | Entered Level 4 of the Orcish Mines
 27780 | Orc:4    | Found a roughly hewn altar of Beogh.
 27862 | Orc:4    | Found a roughly hewn altar of Beogh.
 27883 | Orc:4    | Found Mome's Magic Scroll Shop.
 28003 | Orc:4    | Found Zabass's Gadget Shoppe.
 28013 | Orc:4    | Paralysed by an orc sorcerer for 6 turns
 28021 | Orc:4    | Reached skill level 1 in Dodging
 28146 | Orc:4    | Found Heviul's Weapon Shop.
 28146 | Orc:4    | Found Vohunyte's Antique Weapon Shoppe.
 28153 | Orc:4    | Paralysed by an orc sorcerer for 6 turns
 28456 | Orc:4    | Noticed Maud
 28469 | Orc:4    | Killed Maud
 28481 | Orc:4    | Noticed Rupert
 28538 | Orc:4    | Killed Rupert
 29037 | Orc:4    | Bought a steaming flail for 306 gold pieces
 29038 | Orc:4    | Identified the +3 flail of Manoog {flame, +Inv Str+2} (You bought it in a shop on level 4 of the Orcish Mines)
 29540 | Orc:3    | Found a staircase to the Elven Halls.
 30213 | Snake:1  | Entered Level 1 of the Snake Pit
 31470 | Snake:2  | Reached XP level 16. HP: 103/103 MP: 25/25
 31677 | Snake:2  | Noticed a greater naga
 31688 | Snake:2  | Killed a greater naga
 31696 | Snake:2  | Noticed a greater naga
 31714 | Snake:2  | Killed a greater naga
 33520 | Snake:3  | Found a flickering gateway to a bazaar.
 33529 | Bazaar   | Entered a bazaar
 33548 | Bazaar   | Found Gutzass's Armour Emporium.
 33570 | Bazaar   | Found Qirawkowa's Weapon Shoppe.
 33602 | Bazaar   | Found Citeaf Esi's Weapon Shoppe.
 33613 | Bazaar   | Found Exuigics's Assorted Antiques.
 33625 | Bazaar   | Found Goimo Omn's Magic Scroll Emporium.
 33680 | Bazaar   | Bought a +2 pair of gloves for 148 gold pieces
 33703 | Bazaar   | Bought the +6 morningstar of Premature Burial {flame, MR++} for 841 gold pieces
 33745 | Bazaar   | Bought a scroll of enchant armour for 105 gold pieces
 33745 | Bazaar   | Bought a scroll of enchant weapon for 105 gold pieces
 33754 | Bazaar   | Bought a scroll of enchant armour for 202 gold pieces
 33754 | Bazaar   | Bought a scroll of enchant armour for 202 gold pieces
 34704 | Snake:4  | Entered Level 4 of the Snake Pit
 34722 | Snake:4  | Reached skill level 16 in Maces & Flails
 35442 | Snake:4  | Reached XP level 17. HP: 102/109 MP: 27/27
 35618 | Snake:4  | Found Xili's Antique Armour Boutique.
 35653 | Snake:4  | Reached skill level 5 in Dodging
 38200 | Snake:4  | Reached XP level 18. HP: 111/116 MP: 28/28
 38916 | Snake:4  | Got a serpentine rune of Zot
 39130 | Snake:4  | Bought a transparent scale mail for 225 gold pieces
 39130 | Snake:4  | Bought a warped buckler for 237 gold pieces
 39141 | Snake:4  | Identified the +5 buckler "Foasax" {rPois} (You bought it in a shop on level 4 of the Snake Pit)
 39163 | Snake:4  | Identified the +2 scale mail of Space {+Blink rPois rF- Regen+} (You bought it in a shop on level 4 of the Snake Pit)
 39383 | Shoals:1 | Entered Level 1 of the Shoals
 40949 | Shoals:2 | Reached skill level 15 in Invocations
 41051 | Shoals:2 | Reached skill level 15 in Armour
 41188 | Shoals:2 | Got an ichor-stained ring mail
 41205 | Shoals:2 | Identified the +3 ring mail of the Commoners {Str+2 Int+4} (You took it off a merfolk on level 2 of the Shoals)
 42098 | Shoals:3 | Reached skill level 15 in Shields
 42126 | Shoals:3 | Reached skill level 17 in Maces & Flails
 42285 | Shoals:2 | Reached XP level 19. HP: 71/123 MP: 30/30
 42912 | Shoals:3 | Reached skill level 15 in Fighting
 44138 | Shoals:4 | Entered Level 4 of the Shoals
 44584 | Shoals:4 | Noticed Ilsuiw
 44627 | Shoals:4 | Killed Ilsuiw
 44679 | Shoals:4 | Noticed Polyphemus
 44713 | Shoals:4 | Slain by Polyphemus

Vault maps used:
D:1:      dpeg_arrival_tiny_j, corner_web_ring
D:2:      nicolae_overflow_hidden_temple, st_stairs_10, minmay_surrounded
D:3:      first_bread, uniq_terence
D:4:      kennysheep_mini, hex_tiny, saegor_snake_ambush
D:5:      bloody_trog, lemuel_round_altar
D:7:      kennysheep_mini_moat, temple_pool_a, grunt_livestock, kb_rosetta
D:8:      vehumet_statue
D:9:      yredelemnul_altar_generic
D:10:     erik_lair_orcish_takeover, serial_shops, shop
D:11:     david_orc_4, uniq_erica, uniq_josephine
Temple:   oiseaux_autumnal_temple_12
Lair:1:   hangedman_lair_generics_rect, infiniplex_staircase_pool_2,
          lemuel_fruit_fields
Lair:2:   grunt_forest_stairs_basic
Lair:3:   minmay_snake_entry_six_corridors, tgw_fedhas
Lair:4:   beast_lair_carwin_6
Lair:5:   grunt_forest_large_clearings, infiniplex_staircase_pool, uniq_snorg
Lair:6:   minmay_shoals_entry_lonely_mermaid, slime_altar_1
Lair:7:   minivault_24, serial_bayou_pond_c, lemuel_fruit_fields
Lair:8:   minmay_lair_end_enchanted_forest, serial_bayou_pond_e
Shoals:1: overgrown_tower
Shoals:2: st_sunken_temple
Shoals:4: shoals_end_simple, shoal_ilsuiw, uniq_donald, uniq_polyphemus
Snake:1:  abandoned_shop
Snake:3:  serial_shops, bzr_entry_lakeside
Snake:4:  grunt_snake_rune_serpentine_throne, serial_shops, shop,
          serial_bayou_shore_a
Orc:1:    basic_altar
Orc:2:    mines5_lemuel
Orc:3:    basic_altar, enter_bailey_3, nicolae_orc_pool_cavern
Orc:4:    st_orc_town, kennysheep_orc_chapel, uniq_rupert, uniq_maud
Bazaar:   bazaar_jpeg_circle_rare_3
Bailey:   bailey_polearm_1, bailey

Action                   |  1- 3 |  4- 6 |  7- 9 | 10-12 | 13-15 | 16-18 | 19-21 || total
-------------------------+-------+-------+-------+-------+-------+-------+-------++-------
Melee: Flail             |    96 |   260 |    74 |   540 |  2524 |   321 |       ||  3815
       Morningstar       |       |       |   425 |   239 |       |  1389 |   283 ||  2336
       Mace              |       |       |    10 |   108 |    75 |       |       ||   193
       Whip              |       |       |     2 |       |       |       |       ||     2
Invok: Divine Shield     |       |       |       |       |     3 |     5 |     1 ||     9
 Abil: Fly               |       |       |       |       |     1 |       |       ||     1
Evoke: Fan of gales      |       |       |       |       |       |       |     1 ||     1
       Lamp of fire      |       |       |       |       |       |       |     1 ||     1
       Stone of tremors  |       |       |       |       |       |       |     1 ||     1
  Use: Scroll            |       |       |    17 |     7 |     9 |     3 |       ||    36
       Potion            |       |       |       |       |     2 |     5 |     3 ||    10
 Stab: Fleeing           |       |       |       |       |     1 |       |       ||     1
  Eat: Chunk             |     1 |     6 |    17 |    21 |    54 |    25 |     8 ||   132
       Beef jerky        |       |       |       |     1 |     2 |     2 |       ||     5
       Fruit             |       |       |       |     1 |       |     8 |     2 ||    11
